Map: Rust Bucket LE

Players

immortal

  • Race: Terran Terran

Apesz

  • Race: Protoss Protoss

neopro - Winner!

  • Race: Terran Terran

Alexandre - Winner!

  • Race: Zerg Zerg

VOD

Have the link to the VOD?

Description

Time

  • Played on: Sept. 13, 2026, 1:49 p.m.
  • Length: 12:47
Show
View Real Time Build Order
Export as new Build Order

immortal Terran 

Build Orders:  

Get SALT Encoding   

  8  0:00  SCV  
  9  0:12  SCV  
  10  0:25  SCV  
  11  0:37  SCV, Supply Depot  
  12  0:49  SCV  
  13  1:00  Refinery  
  13  1:02  Barracks  
  13  1:07  SCV  
  14  1:19  SCV  
  15  1:31  SCV  
  16  1:43  SCV  
  17  1:49  Marine  
  17  1:52  Bunker  
  18  1:55  SCV  
  18  1:58  Supply Depot  
  19  2:07  Marine, SCV  
  21  2:20  Orbital Command  
  21  2:21  Refinery  
  21  2:27  Reaper  
  22  2:30  Bunker  
  22  2:44  Factory  
  22  2:49  Supply Depot  
  22  2:52  SCV  
  23  3:01  Reaper  
  24  3:07  Supply Depot, SCV  
  25  3:19  SCV  
  26  3:24  Supply Depot  
  26  3:29  Factory Tech Lab  
  26  3:36  Reaper  
  26  3:41  SCV  
  27  3:50  Hellion, Factory  
  27  3:51  Infernal Pre-Igniter  
  27  3:53  SCV  
  30  4:05  SCV  
  31  4:10  Supply Depot  
  31  4:11  Marine  
  32  4:17  SCV  
  32  4:21  Hellion  
  35  4:28  Marine  
  35  4:29  SCV  
  37  4:33  Supply Depot  
  37  4:37  Hellion  
  39  4:41  SCV  
  39  4:42  Hellion  
  42  4:46  Marine  
  43  4:58  Hellion  
  44  5:04  Hellion  
  46  5:20  Hellion  
  48  5:25  Hellion  
  50  5:33  SCV  
  51  5:37  Starport  
  51  5:39  Starport  
  51  5:41  Hellion  
  53  5:46  Siege Tank  
  56  6:03  Hellion  
  58  6:07  Supply Depot  
  58  6:19  Hellion  
  58  6:25  Viking x2  
  46  6:48  Siege Tank  
  46  6:49  Marine  
  50  6:55  Viking  
  52  7:06  Refinery, Command Center  
  52  7:07  Marine  
  53  7:12  Refinery  
  53  7:22  Viking  
  55  7:25  Viking  
  55  7:28  Widow Mine x2  
  61  7:39  Engineering Bay  
  61  7:52  Viking  
  61  7:55  Viking  
  65  8:12  Widow Mine x2  
  69  8:14  Marine  
  70  8:20  SCV  
  70  8:21  Orbital Command  
  71  8:31  Supply Depot  
  71  8:32  Marine  
  71  8:33  SCV  
  71  8:34  Widow Mine  
  75  8:43  Armory  
  75  8:45  SCV  
  75  8:48  Supply Depot  
  76  8:50  Marine  
  77  8:57  SCV  
  77  9:00  Viking x2  
  82  9:08  Marine  
  82  9:09  SCV  
  84  9:10  Armory  
  83  9:26  Marine  
  83  9:30  Viking  
  61  9:58  SCV  
  55  10:06  Viking  
  55  10:07  Viking  
  55  10:10  SCV  
  55  10:11  Missile Turret  
  55  10:13  Hi-Sec Auto Tracking  
  56  10:21  Missile Turret  
  56  10:22  SCV  
  56  10:26  Terran Ship Weapons Level 1  
  52  10:36  Terran Vehicle And Ship Armor Level 1  
  52  10:39  Smart Servos  
  52  10:40  SCV  
  52  10:41  SCV  
  54  10:52  SCV  
  54  10:53  SCV  
  56  11:04  SCV  
  56  11:05  Viking x2, SCV  
  62  11:14  Missile Turret  
  62  11:17  SCV x2  
  64  11:29  SCV x2  
  66  11:36  Viking x2  
  70  11:41  SCV x2  
  72  11:51  Siege Tank  
  72  11:53  SCV  
  72  11:54  SCV  
  55  12:05  SCV  
Show
View Real Time Build Order
Export as new Build Order

Apesz Protoss 

Build Orders:  

Get SALT Encoding   

  8  0:11  Probe (Chrono Boost)  
  9  0:21  Probe (Chrono Boost)  
  10  0:26  Probe (Chrono Boost)  
  11  0:36  Pylon  
  11  0:38  Probe  
  12  0:50  Probe  
  13  1:03  Probe (Chrono Boost)  
  14  1:14  Probe (Chrono Boost)  
  15  1:19  Probe (Chrono Boost)  
  16  1:29  Probe  
  17  1:36  Forge  
  17  1:40  Gateway  
  17  1:41  Probe  
  18  1:48  Assimilator  
  18  2:05  Nexus  
  18  2:11  Pylon  
  18  2:18  Probe (Chrono Boost)  
  19  2:28  Assimilator, Probe (Chrono Boost)  
  20  2:33  Probe (Chrono Boost)  
  20  2:35  Pylon  
  21  2:45  Photon Cannon  
  21  2:58  Cybernetics Core  
  21  3:01  Probe  
  22  3:16  Probe (Chrono Boost)  
  22  3:19  Probe (Chrono Boost)  
  24  3:26  Assimilator  
  25  3:29  Probe (Chrono Boost)  
  25  3:30  Probe (Chrono Boost)  
  25  3:31  Assimilator  
  26  3:34  Probe (Chrono Boost)  
  26  3:38  Probe  
  28  3:45  Probe  
  29  3:57  Probe  
  29  4:00  Stargate  
  30  4:03  Stargate  
  30  4:08  Pylon  
  30  4:09  Probe (Chrono Boost)  
  31  4:13  Pylon  
  31  4:20  Probe (Chrono Boost)  
  31  4:21  Probe (Chrono Boost)  
  33  4:30  Probe (Chrono Boost)  
  35  4:31  Probe (Chrono Boost)  
  35  4:36  Probe (Chrono Boost)  
  35  4:37  Probe (Chrono Boost)  
  37  4:45  Probe  
  38  4:48  Probe  
  38  4:50  Pylon  
  45  4:57  Probe  
  46  5:13  Pylon  
  46  5:16  Oracle x2  
  35  5:31  Probe (Chrono Boost)  
  36  5:42  Probe (Chrono Boost)  
  37  5:47  Probe (Chrono Boost)  
  38  5:52  Probe (Chrono Boost)  
  39  5:59  Void Ray x2  
  39  6:03  Probe x2 (Chrono Boost)  
  49  6:08  Probe (Chrono Boost)  
  49  6:10  Probe (Chrono Boost)  
  51  6:22  Probe (Chrono Boost)  
  51  6:24  Probe (Chrono Boost)  
  53  6:29  Probe (Chrono Boost)  
  53  6:32  Probe (Chrono Boost)  
  55  6:36  Probe  
  56  6:48  Probe  
  43  7:30  Photon Cannon  
  43  7:31  Stalker  
  45  7:37  Pylon x2  
  45  7:41  Void Ray  
  45  7:43  Photon Cannon  
  45  7:45  Photon Cannon  
  45  7:55  Pylon  
  44  7:58  Stalker  
  44  7:59  Pylon  
  46  8:08  Probe (Chrono Boost)  
  47  8:15  Pylon  
  47  8:16  Photon Cannon  
  47  8:17  Pylon  
  47  8:18  Probe (Chrono Boost)  
  48  8:23  Probe (Chrono Boost)  
  48  8:24  Void Ray  
  48  8:25  Photon Cannon  
  48  8:26  Stalker  
  55  8:30  Photon Cannon  
  55  8:32  Void Ray  
  55  8:34  Probe  
  55  8:36  Pylon  
  56  8:43  Pylon  
  56  8:46  Probe (Chrono Boost)  
  57  8:49  Photon Cannon  
  57  8:57  Probe (Chrono Boost)  
  57  8:59  Photon Cannon  
  57  9:02  Probe (Chrono Boost)  
  58  9:07  Photon Cannon  
  59  9:13  Probe  
  60  9:36  Phoenix x2  
  64  10:01  Phoenix x2  
  60  10:26  Phoenix x2  
  48  10:51  Phoenix x2 (Chrono Boost)  
  46  11:06  Stalker  
  48  11:11  Phoenix x2 (Chrono Boost)  
  52  11:20  Pylon  
  52  11:23  Pylon  
  52  11:26  Stargate  
  52  11:31  Phoenix x2  
  56  11:34  Stalker  
  56  11:39  Nexus  
  58  11:56  Phoenix x2  
  58  12:01  Stalker  
  58  12:20  Phoenix  
  58  12:21  Phoenix  
Show
View Real Time Build Order
Export as new Build Order

neopro Terran - Winner!

Build Orders:  

Get SALT Encoding   

  8  0:01  SCV  
  9  0:13  SCV  
  10  0:25  SCV  
  11  0:34  Supply Depot  
  11  0:52  SCV  
  12  0:59  Barracks  
  12  1:04  SCV  
  13  1:16  SCV  
  14  1:28  SCV  
  14  1:30  Refinery  
  15  1:39  Refinery  
  15  1:40  SCV  
  16  1:48  Supply Depot, Marine  
  16  1:52  SCV  
  18  2:04  SCV  
  18  2:06  Marine  
  20  2:16  SCV  
  20  2:21  Barracks  
  21  2:25  Barracks Reactor  
  21  2:32  SCV  
  22  2:44  SCV  
  23  2:56  SCV  
  24  3:01  Marine x2  
  26  3:09  SCV  
  27  3:14  Supply Depot  
  27  3:16  Barracks Reactor  
  27  3:19  Marine x2  
  29  3:31  Supply Depot  
  29  3:36  SCV  
  29  3:37  Factory  
  29  3:38  Marine x2  
  33  3:48  SCV  
  33  3:54  Supply Depot  
  33  3:56  Marine x4  
  37  4:18  Supply Depot  
  37  4:24  Starport  
  37  4:28  Hellion  
  39  4:34  Marine x2  
  39  4:35  Marine  
  42  4:42  Supply Depot  
  42  4:49  Hellion  
  44  5:04  Medivac  
  46  5:21  Factory Tech Lab  
  46  5:22  Marine  
  46  5:23  Marine  
  46  5:24  Marine x2  
  50  5:34  Medivac  
  50  5:35  Supply Depot  
  52  5:41  Command Center  
  52  6:08  Starport Reactor  
  52  6:30  Starport  
  41  6:57  SCV  
  37  7:09  SCV  
  35  7:18  Marine x2  
  35  7:19  Marine  
  35  7:21  SCV  
  38  7:23  Hellion  
  38  7:25  Viking x2  
  38  7:27  Viking x2  
  46  7:33  SCV  
  49  7:44  Hellion  
  49  7:45  SCV  
  50  7:53  SCV  
  50  7:58  SCV  
  52  8:05  SCV  
  53  8:08  Viking x3  
  59  8:17  Viking, SCV  
  62  8:20  SCV  
  63  8:29  SCV  
  63  8:33  SCV  
  65  8:41  SCV  
  65  8:47  Viking x3  
  50  9:56  Viking x4  
  58  10:13  Siege Tank  
  61  10:26  Viking x4  
  69  10:50  Marine x3  
  72  10:58  Viking x3  
  72  10:59  Viking  
  80  11:07  Marine  
  80  11:08  Marine x2  
  83  11:17  Supply Depot  
  83  11:19  SCV  
  83  11:25  Marine  
  84  11:28  Medivac  
  84  11:31  SCV  
  88  11:39  Supply Depot  
  88  11:43  SCV  
  83  11:55  SCV  
  82  12:07  SCV  
  75  12:16  Viking x4  
Show
View Real Time Build Order
Export as new Build Order

Alexandre Zerg - Winner!

Build Orders: Hatch First 

Get SALT Encoding   

  8  0:43  Hatchery  
  8  0:44  Drone  
  8  1:02  Drone x2  
  10  1:05  Drone  
  11  1:16  Overlord  
  11  1:22  Extractor  
  10  1:27  Extractor, Drone  
  10  1:36  Drone  
  11  1:46  Drone  
  12  2:01  Spawning Pool  
  11  2:04  Drone  
  12  2:12  Drone  
  13  2:22  Drone x2  
  15  2:24  Drone  
  16  2:31  Drone  
  17  2:39  Drone  
  18  2:45  Drone  
  19  3:00  Metabolic Boost  
  19  3:02  Zergling x2  
  20  3:07  Zergling x2  
  20  3:09  Zergling x2  
  20  3:11  Zergling x2  
  23  3:15  Zergling x2  
  24  3:27  Lair  
  24  3:39  Overlord  
  24  3:44  Overlord  
  24  3:58  Drone x2  
  24  3:59  Drone  
  24  4:00  Zergling x2  
  24  4:01  Zergling x4  
  30  4:09  Drone x2  
  32  4:24  Drone x2  
  34  4:27  Queen  
  36  4:37  Spire  
  34  5:05  Drone x6  
  36  5:24  Spine Crawler  
  36  5:26  Spine Crawler x2  
  30  5:44  Mutalisk x2  
  30  5:45  Mutalisk x2  
  38  5:54  Extractor  
  38  5:56  Extractor  
  36  5:59  Spine Crawler  
  35  6:11  Drone x2  
  35  6:12  Drone x3  
  35  6:14  Overlord  
  35  6:16  Overlord  
  40  6:45  Mutalisk x2  
  40  6:46  Mutalisk x2  
  48  7:00  Mutalisk  
  50  7:04  Drone x3  
  50  7:05  Drone x3  
  56  7:17  Extractor, Hatchery  
  54  7:34  Drone x2  
  56  7:53  Overlord x3  
  54  8:06  Drone x2  
  54  8:09  Overlord  
  54  8:10  Overlord  
  56  8:15  Mutalisk x4  
  64  8:35  Mutalisk x4  
  64  8:41  Drone x2  
  74  8:48  Zerg Flyer Weapons Level 1  
  74  8:52  Overlord  
  74  8:53  Overlord  
  74  8:56  Mutalisk x3  
  80  9:04  Extractor  
  80  9:06  Drone x3  
  76  9:47  Mutalisk x2  
  76  9:48  Mutalisk x6  
  88  10:34  Mutalisk x2  
  88  10:35  Mutalisk  
  88  10:52  Mutalisk x6  
  100  11:03  Drone x2  
  100  11:04  Drone x6  
  108  11:12  Infestation Pit  
  107  11:23  Drone x2  
  107  11:24  Drone x4  
  113  11:50  Extractor, Hatchery  
  113  11:53  Extractor  
  108  12:21  Drone x2  
  108  12:22  Drone x2  
Tags
 
Add a new tag
Caveats
  • Supply blocks, unpowered buildings, or Contaminate may cause inaccurate times.
  • Supply counts are checked every 10 seconds.